 Dungeon Crawl Stone Soup version 0.24.0-125-gc4c63601f3 (webtiles) character file.

Game seed: 16093205068608152714, levelgen mode: deterministic

548 MajorAdolf the Covered (level 7, 0/66 HPs)
             Began as a Naga Wanderer on Mar 9, 2020.
             Killed from afar by Dowan (5 damage)
             ... with a puff of flame
             ... on level 4 of the Dungeon.
             The game lasted 00:08:00 (4211 turns).

MajorAdolf the Covered (Naga Wanderer)              Turns: 4211, Time: 00:08:01

Health: 0/66       AC: 10    Str: 15    XL:     7   Next: 28%
Magic:  16/16      EV:  7    Int: 15    God:
Gold:   155        SH:  0    Dex:  9    Spells: 6/6 levels left

rFire    . . .     SeeInvis +   j - +0 hand axe
rCold    . . .     Gourm    .   (no shield)
rNeg     . . .     Faith    .   c - +3 scale mail
rPois    +         Spirit   .   (no helmet)
rElec    .         Reflect  .   i - +0 cloak
rCorr    .         Harm     .   (no gloves)
MR       .....                  (no barding)
Stlth    ..........             (no amulet)
HPRegen  0.21/turn              o - ring of magical power
MPRegen  0.15/turn              (no ring)

@: glowing, very slow
A: large, see invisible, deformed body, poison resistance, slowness 2, slow
metabolism 1, spit poison 1, AC +2
a: Spit Poison


You were on level 4 of the Dungeon.
You were not hungry.

You visited 1 branch of the dungeon, and saw 4 of its levels.
You also visited: Sewer.

You collected 155 gold pieces.

Inventory:

Hand Weapons
 a - a +0 spear
 j - a +0 hand axe (weapon)
 n - a +0 hunting sling
 v - the +4 whip of Internal Strife {slash, rPois, unknown}
   (You found it on level 4 of the Dungeon)

   It inflicts extra damage upon your enemies.
   It protects you from poison.
Missiles
 s - 124 stones (quivered)
Armour
 c - a +3 scale mail (worn)
 i - a +0 cloak (worn)
Jewellery
 o - a ring of magical power (left hand)
Wands
 h - a wand of clouds (3)
Scrolls
 e - 3 scrolls of remove curse
 g - a scroll of magic mapping
 k - a scroll of blinking {unknown}
 l - a scroll of fog {unknown}
 p - a scroll of amnesia
 u - a scroll of teleportation
Potions
 b - a potion of flight
 f - 2 potions of heal wounds
 m - a potion of haste {unknown}
 q - 2 potions of degeneration {unknown}
 r - a potion of mutation {unknown}
 t - a potion of lignification {unknown}
Comestibles
 d - 9 rations


   Skills:
 - Level 4.8 Fighting
 + Level 3.1 Axes
 + Level 5.0 Armour
   Level 1.0 Shields
   Level 3.0 Hexes
 - Level 1.0 Evocations


You had 6 spell levels left.
You didn't know any spells.
Your spell library contained the following spells:

 Spells                   Type           Power        Failure   Level  Hunger
 Sting                    Conj/Pois      #...         67%         1    ##.....
 Mephitic Cloud           Conj/Pois/Air  #.......     96%         3    ####...


Dungeon Overview and Level Annotations

Branches:
Dungeon (4/15)              Sewer (visited)
 Temple: D:4-7

Altars:
Wu Jian
Xom

Annotations:
D:4 Dowan, Duvessa


Innate Abilities, Weirdness & Mutations

You cannot wear boots.
Your serpentine skin is tough. (AC +2)
You have supernaturally acute eyesight. (SInv)
Armour fits poorly on your strangely shaped body.
Your system is resistant to poisons. (rPois)
You cover ground very slowly.
You have a slow metabolism.
You can spit poison.


Message History

Dowan blinks!
Duvessa hits you with a +0 short sword of protection!
Duvessa hits you with a +0 short sword of protection!
You have got your breath back.
Duvessa completely misses you.
Dowan gestures wildly while chanting.
Dowan blinks!
The teleport trap disappears.
Duvessa disappears!
Found 17 gold pieces.
Dowan zaps a wand.
The puff of flame hits you. Dowan gestures at you while chanting.
The puff of flame hits you. Dowan casts a spell at you.
You are outlined in light.
Dowan zaps a wand.
The puff of flame hits you.
* * * LOW HITPOINT WARNING * * *
Dowan zaps a wand.
The puff of flame hits you!
* * * LOW HITPOINT WARNING * * *
Dowan zaps a wand.
The puff of flame hits you.
You die...

#.####e# #.#.
#......# # #.######
#e# #.# ####### #.#
###.....# #.#
#.....#.###.#
#.....#...@.#
#.....#######
#.....#### ....
#........# ....###+##
#.....##.# .........
#.....##.# .<......
########.# ####......
#.# #####<##......
#.#####..รท..........


You could see Dowan.

Vanquished Creatures
  2 bullfrogs (Sewer)
  An orc priest (D:3)
  An orc wizard (D:3)
  4 gnolls (D:3)
  13 adders
  15 oozes
  3 worms
  3 dart slugs (D:1)
  9 leopard geckos
  5 orcs (D:3)
  5 bats
  9 giant cockroaches
  11 goblins
  4 hobgoblins
  4 jackals (D:1)
  4 kobolds
  2 quokkas
  16 ball pythons
  10 frilled lizards
  A leopard gecko skeleton (D:3)
  10 rats
132 creatures vanquished.

Notes
Turn   | Place    | Note
-------+----------+-------------------------------------------
     0 | D:1      | MajorAdolf the Naga Wanderer began the quest for the Orb.
     0 | D:1      | MajorAdolf set off with the following items: a +0 spear, a
                  | +2 scale mail, a ration; and the following spell memorised:
                  | Sting; and the following spells available to memorise:
                  | Mephitic Cloud
     0 | D:1      | Reached XP level 1. HP: 18/18 MP: 1/1
   148 | D:1      | Reached XP level 2. HP: 18/26 MP: 2/2
   434 | D:1      | Reached XP level 3. HP: 33/33 MP: 3/3
  1227 | D:2      | Found a faded altar of an unknown god.
  1273 | D:2      | Reached XP level 4. HP: 44/44 MP: 4/4
  1927 | D:2      | Reached XP level 5. HP: 50/50 MP: 5/5
  2121 | D:3      | Found a shimmering altar of Xom.
  2121 | D:3      | Found an ornate altar of the Wu Jian Council.
  2397 | D:3      | Reached skill level 4 in Armour
  2443 | D:3      | Found a glowing drain.
  2448 | Sewer    | Entered a sewer
  2744 | Sewer    | Reached XP level 6. HP: 60/60 MP: 6/6
  2848 | Sewer    | Reached skill level 1 in Axes
  3016 | Sewer    | Reached XP level 7. HP: 18/66 MP: 7/7
  3769 | D:3      | Reached skill level 5 in Armour
  4182 | D:4      | Noticed Dowan
  4183 | D:4      | Noticed Duvessa
  4184 | D:4      | Got a polished whip
  4211 | D:4      | Killed from afar by Dowan

Levels and vault maps discovered:
D:1:      roderic_crop_circles_arrival_small, layout_basic, patterned_corridor
D:2:      layout_rooms, chequers_ecumenical_altar_simple_redux, kennysheep_donut
D:3:      layout_basic, grunt_temple_overflow_open, first_ration,
          portal_sewer_entry_e, corexii_hall_statues_t
D:4:      layout_basic, uniq_menkaure, uniq_duvessa

Skill      XL: |  1  2  3  4  5  6  7 |
---------------+----------------------+-----
Fighting       | 2 3 4 |  4.8
Armour         | 4 5 |  5.0
Axes           | 2 3 |  3.1
Shields        | |  1.0
Hexes          | |  3.0
Evocations     | |  1.0

Action                   |  1- 3 |  4- 6 |  7- 9 || total
-------------------------+-------+-------+-------++-------
Melee: Spear             |   132 |   192 |       ||   324
       Hand axe          |       |   151 |    70 ||   221
 Fire: Hunting sling     |       |    16 |       ||    16
 Abil: Spit Poison       |       |    14 |     4 ||    18
Evoke: Wand              |       |     1 |       ||     1
  Use: Scroll            |       |     8 |       ||     8
  Eat: Chunk             |       |     7 |     3 ||    10
Armor: Scale mail        |    71 |   281 |    52 ||   404
Dodge: Dodged            |    49 |   163 |    30 ||   242
